 Dungeon Crawl Stone Soup version 0.17-a0-1718-g72dbe4d (webtiles) character file.

33 matakusis the Vexing (level 3, -5/26 HPs)
             Began as a Demonspawn Enchanter on Aug 24, 2015.
             Slain by a gnoll
             ... wielding a +0 club
              (8 damage)
             ... on level 2 of the Dungeon.
             The game lasted 00:05:22 (1251 turns).

matakusis the Vexing (Demonspawn Enchanter)         Turns: 1251, Time: 00:05:22

Health: -5/26      AC:  4    Str:  8    XL:     3   Next: 12%
Magic:  0/6        EV: 12    Int: 14    God:
Gold:   74         SH:  0    Dex: 14    Spells: 2 memorised, 2 levels left

rFire  . . .     SeeInvis .     a - +1 dagger
rCold  . . .     Clarity  .     b - +2 robe
rNeg   . . .     SustAt   .     (no shield)
rPois  .         Gourm    .     (no helmet)
rElec  .         Spirit   +     (no cloak)
rCorr  .         Warding  .     (no gloves)
rMut   .         Stasis   .     (no boots)
MR     .....                    (no amulet)
Stlth  ++........               (no ring)
                                (no ring)

@: very slightly contaminated, not resistant to hostile enchantments, unstealthy
A: dopey 1, robust 1, screaming 1, magic shield
a: no special abilities


You were on level 2 of the Dungeon.
You were not hungry.

You visited 1 branch of the dungeon, and saw 2 of its levels.

You collected 74 gold pieces.

Inventory:

Hand weapons
 a - a +1 dagger (weapon)
Armour
 b - a +2 robe (worn)
Scrolls
 m - a scroll of identify {unknown}
Books
 c - a book of Maledictions

   Spells                             Type                      Level
   a - Corona                         Hexes                        1
   b - Ensorcelled Hibernation        Hexes/Ice                    2
   c - Confuse                        Hexes                        3
   d - Tukima's Dance                 Hexes                        3
   e - Dazzling Spray                 Conjuration/Hexes            3
Comestibles
 d - a bread ration
 f - a beef jerky
 g - 4 chunks of flesh
 h - 2 meat rations


   Skills:
 + Level 1.2 Short Blades
 + Level 2.1 Dodging
 * Level 3.0 Stealth
 + Level 2.1 Spellcasting
 * Level 3.4 Hexes


You had 2 spell levels left.
You knew the following spells:

 Your Spells              Type           Power        Failure   Level  Hunger
a - Corona                Hex            ##.....      10%         1    #......
b - Confuse               Hex            ##......     21%         3    ###....


Dungeon Overview and Level Annotations

Branches:
Dungeon (2/15)

Altars:
Ru


Innate Abilities, Weirdness & Mutations

When hurt, damage is shared between your health and your magic reserves.
You are dopey. (Int -2)
You are robust (+10% HP).
You occasionally shout uncontrollably at your foes.


Message History

Aiming: Confuse
Press: ? - help, Shift-Dir - straight line, f - gnoll
Aim: a gnoll (heavily wounded, chance to defeat MR: 51%)
You miscast Confuse.
You are very lightly contaminated with residual magic.
Multicoloured lights dance before your eyes!
The gnoll closely misses you.
Casting: Confuse
Confirm with . or Enter, or press ? or * to list all spells.
You don't have enough magic to cast that spell.
There is a stone staircase leading up here.
You closely miss the gnoll. The gnoll hits you with a club.
* * * LOW HITPOINT WARNING * * *
Drink which item? (? for menu, Esc to quit)
It was a potion of mutation.
You feel extremely strange.
You feel the urge to shout.
You feel stupid.
You feel robust. The gnoll hits you with a club.
* * * LOW HITPOINT WARNING * * *
You closely miss the gnoll. The gnoll hits you with a club!
You die...

### #> ##.## ##. #@#.#
#.. ##g## #.. #g# . #..
#g# >.#.. #<# .....###
####.#####.#
.......#######..........#
...#.#......ggg...#######
# #.#########.####


You could see 3 gnolls.

Vanquished Creatures
  An ooze (D:1)
  2 giant geckos (D:1)
  5 hobgoblins
  4 bats (D:1)
  2 giant cockroaches (D:1)
  3 giant newts
  4 goblins
  3 kobolds (D:1)
  6 rats (D:1)
30 creatures vanquished.

Notes
Turn   | Place    | Note
--------------------------------------------------------------
     0 | D:1      | matakusis the Demonspawn Enchanter began the quest for the Orb.
     0 | D:1      | Reached XP level 1. HP: 13/13 MP: 3/3
   221 | D:1      | Reached skill level 1 in Short Blades
   341 | D:1      | You fall through a shaft!
   529 | D:2      | Found a sacrificial altar of Ru.
   557 | D:1      | Gained mutation: When hurt, damage is shared between your health and your magic reserves. [demonic ancestry]
   557 | D:1      | Reached XP level 2. HP: 19/19 MP: 5/5
   866 | D:1      | Reached XP level 3. HP: 11/24 MP: 2/6
  1198 | D:1      | Learned a level 3 spell: Confuse
  1250 | D:2      | Gained mutation: You occasionally shout uncontrollably at your foes. [potion of mutation]
  1250 | D:2      | Gained mutation: You are dopey. (Int -2) [potion of mutation]
  1250 | D:2      | Gained mutation: You are robust (+10% HP). [potion of mutation]
  1251 | D:2      | Slain by a gnoll

Vault maps used:
D:1:      dpeg_arrival_castle
D:2:      grunt_temple_overflow_opulence, overflow_temple_1_default,
          lemuel_doored_altar

Action                   || total
-------------------------++-------
Melee: Dagger            ||   113
       Short sword       ||    13
  Use: Scroll            ||     4
       Potion            ||     1
 Stab: Sleeping          ||     5
       Distracted        ||     1
  Eat: Chunk             ||     1
